EL
TENNESSEE SMOKIES @ PENSACOLA BLUE WAHOOS
06/24/2048
 
TOP OF THE 1ST
Tennessee Smokies batting - Pitching for Pensacola Blue Wahoos : LHP Dave Schmidt
Pitching: LHP Dave Schmidt
Batting: RHB Eric Wiss 0-0: Ball
1-0: Ball
2-0: Ground out 1-3 (Groundball, P, EV 73.1 MPH)
Batting: RHB Khalil Stephens 0-0: Foul Ball, location: 2F
0-1: SOLO HOME RUN (Flyball, 89XD, EV 98.8 MPH), Distance : 400 ft
Batting: RHB Brad Santanello 0-0: Called Strike
0-1: Swinging Strike
0-2: Ball
1-2: SINGLE (Groundball, 56, EV 107.5 MPH)
Batting: RHB David Barnard 0-0: Ball
1-0: Fielders Choice at 2nd, 6-4 (Groundball, 56, EV 96.9 MPH)
Batting: RHB Sam Sours 0-0: Ball
1-0: Ball
David Barnard is caught stealing 2nd base 2-4
Top of the 1st over - 1 run, 2 hits, 0 errors, 0 left on base; Tennessee 1 - Pensacola 0
BOTTOM OF THE 1ST
Pensacola Blue Wahoos batting - Pitching for Tennessee Smokies : RHP Jake Newman
Pitching: RHP Jake Newman
Batting: RHB Jonathan Robies 0-0: Foul Ball, location: 2F
0-1: Foul Ball, location: 2F
0-2: Foul Ball, location: 2F
0-2: Ball
1-2: Fly out, F8 (Flyball, 8RM, EV 85.6 MPH)
Batting: LHB Phil Lomax 0-0: Foul Ball, location: 2F
0-1: Foul Ball, location: 2F
0-2: Ground out 5-3 (Groundball, 15, EV 94.4 MPH)
Batting: RHB Juan Reyes 0-0: Ball
1-0: Ball
2-0: Foul Ball, location: 2F
2-1: Swinging Strike
2-2: Ball
3-2: SINGLE (Line Drive, 5D, EV 94.4 MPH)
Batting: RHB Sang-ton Pak 0-0: Called Strike
0-1: Called Strike
0-2: Strikes out swinging
Bottom of the 1st over - 0 runs, 1 hit, 0 errors, 1 left on base; Tennessee 1 - Pensacola 0
TOP OF THE 2ND
Tennessee Smokies batting - Pitching for Pensacola Blue Wahoos : LHP Dave Schmidt
Batting: RHB Sam Sours 0-0: Ball
1-0: Foul Ball, location: 2F
1-1: Foul Ball, location: 2F
1-2: Ball
2-2: Ground out 6-3 (Groundball, 56, EV 100.0 MPH)
Batting: LHB Angel Oropeza 0-0: Ground out U3 (Groundball, 3S, EV 69.4 MPH)
Batting: RHB Armando Vilano 0-0: Ball
1-0: Ball
2-0: Fly out, F3 (Popup, 3SF, EV 83.8 MPH)
Top of the 2nd over - 0 runs, 0 hits, 0 errors, 0 left on base; Tennessee 1 - Pensacola 0
BOTTOM OF THE 2ND
Pensacola Blue Wahoos batting - Pitching for Tennessee Smokies : RHP Jake Newman
Batting: RHB Dave Ruiz 0-0: Ball
1-0: Called Strike
1-1: Foul Ball, location: 2F
1-2: Ball
2-2: Ball
3-2: Fly out, F8 (Line Drive, 8RM, EV 95.0 MPH)
Batting: LHB Brian Snyder 0-0: Swinging Strike
0-1: Ball
1-1: Ball
2-1: Swinging Strike
2-2: Strikes out looking
Batting: RHB Jordan Torres 0-0: Ball
1-0: Ball
2-0: Ball
3-0: Called Strike
3-1: Called Strike
3-2: Base on Balls
Batting: RHB Matt Silva 0-0: Called Strike
Jordan Torres steals 2nd base
0-1: Ground out 4-3 (Groundball, 4, EV 102.5 MPH)
Bottom of the 2nd over - 0 runs, 0 hits, 0 errors, 1 left on base; Tennessee 1 - Pensacola 0
TOP OF THE 3RD
Tennessee Smokies batting - Pitching for Pensacola Blue Wahoos : LHP Dave Schmidt
Batting: RHB Sung-hwan Jung 0-0: Swinging Strike
0-1: SINGLE (Line Drive, 34D, EV 101.2 MPH)
Batting: RHB Jonathan Sotelo 0-0: Ball
1-0: Fly out, F7 (Flyball, 7LD, EV 108.8 MPH)
Batting: RHB Eric Wiss 0-0: Ball
1-0: Foul Ball, location: 2F
1-1: Ball
2-1: Ball
3-1: Fielders Choice at 2nd, 5-4 (Groundball, 56S, EV 94.4 MPH)
Batting: RHB Khalil Stephens 0-0: Called Strike
Eric Wiss steals 2nd base
0-1: Foul Ball, location: 2F
0-2: Strikes out looking
Top of the 3rd over - 0 runs, 1 hit, 0 errors, 1 left on base; Tennessee 1 - Pensacola 0
BOTTOM OF THE 3RD
Pensacola Blue Wahoos batting - Pitching for Tennessee Smokies : RHP Jake Newman
Batting: RHB Pat Mage 0-0: Fly out, F2 (Popup, 23F, EV 90.6 MPH)
Batting: RHB Jonathan Robies 0-0: Called Strike
0-1: DOUBLE (Flyball, 8LXD, EV 114.4 MPH)
Batting: LHB Phil Lomax 0-0: Ground out 1-3 (Groundball, 34S, EV 61.2 MPH)
Jonathan Robies to third
Batting: RHB Juan Reyes 0-0: Ball
1-0: Called Strike
1-1: Ball
2-1: Called Strike
2-2: Foul Ball, location: 2F
2-2: Ball
3-2: Ground out 6-3 (Groundball, 6, EV 105.6 MPH)
Bottom of the 3rd over - 0 runs, 1 hit, 0 errors, 1 left on base; Tennessee 1 - Pensacola 0
TOP OF THE 4TH
Tennessee Smokies batting - Pitching for Pensacola Blue Wahoos : LHP Dave Schmidt
Batting: RHB Brad Santanello 0-0: Fly out, F8 (Line Drive, 8LD, EV 108.1 MPH)
Batting: RHB David Barnard 0-0: Ball
1-0: Ground out U3 (Groundball, 3L, EV 86.2 MPH)
Batting: RHB Sam Sours 0-0: Called Strike
0-1: Ball
1-1: Foul Ball, location: 2F
1-2: Ground out 6-3 (Groundball, 6, EV 82.5 MPH)
Top of the 4th over - 0 runs, 0 hits, 0 errors, 0 left on base; Tennessee 1 - Pensacola 0
BOTTOM OF THE 4TH
Pensacola Blue Wahoos batting - Pitching for Tennessee Smokies : RHP Jake Newman
Batting: RHB Sang-ton Pak 0-0: Called Strike
0-1: Swinging Strike
0-2: Ball
1-2: Ball
2-2: Strikes out looking
Batting: RHB Dave Ruiz 0-0: Ball
1-0: Ball
2-0: Foul Ball, location: 2F
2-1: Foul Ball, location: 2F
2-2: Ground out 6-3 (Groundball, 6, EV 83.1 MPH)
Batting: LHB Brian Snyder 0-0: Ball
1-0: Ball
2-0: Ball
3-0: Called Strike
3-1: DOUBLE (Line Drive, 3D, EV 96.2 MPH)
Batting: RHB Jordan Torres 0-0: Ball
1-0: Foul Ball, location: 2F
1-1: Ball
2-1: Ball
3-1: Foul Ball, location: 2F
3-2: Foul Ball, location: 2F
3-2: Ground out 5-3 (Groundball, 25, EV 85.6 MPH)
Bottom of the 4th over - 0 runs, 1 hit, 0 errors, 1 left on base; Tennessee 1 - Pensacola 0
TOP OF THE 5TH
Tennessee Smokies batting - Pitching for Pensacola Blue Wahoos : LHP Dave Schmidt
Batting: LHB Angel Oropeza 0-0: Called Strike
0-1: Ball
1-1: Swinging Strike
1-2: Fly out, F8 (Flyball, 8RS, EV 75.0 MPH)
Batting: RHB Armando Vilano 0-0: Ball
1-0: Ball
2-0: Fly out, F7 (Line Drive, 78M, EV 85.0 MPH)
Batting: RHB Sung-hwan Jung 0-0: Ground out 6-3 (Groundball, 6, EV 81.9 MPH)
Top of the 5th over - 0 runs, 0 hits, 0 errors, 0 left on base; Tennessee 1 - Pensacola 0
BOTTOM OF THE 5TH
Pensacola Blue Wahoos batting - Pitching for Tennessee Smokies : RHP Jake Newman
Batting: RHB Matt Silva 0-0: Swinging Strike
0-1: Called Strike
0-2: Ground out 6-3 (Groundball, 6, EV 90.6 MPH)
Batting: RHB Pat Mage 0-0: Foul Ball, location: 2F
0-1: Ball
1-1: Ball
2-1: Foul Ball, location: 2F
2-2: Foul Ball, location: 2F
2-2: Foul Ball, location: 2F
2-2: Foul Ball, location: 2F
2-2: Ball
3-2: Ground out 6-3 (Groundball, 6, EV 105.6 MPH)
Batting: RHB Jonathan Robies 0-0: Called Strike
0-1: Ball
1-1: Ball
2-1: Fly out, F8 (Flyball, 8RD, EV 106.2 MPH)
Bottom of the 5th over - 0 runs, 0 hits, 0 errors, 0 left on base; Tennessee 1 - Pensacola 0
TOP OF THE 6TH
Tennessee Smokies batting - Pitching for Pensacola Blue Wahoos : LHP Dave Schmidt
Batting: RHB Jonathan Sotelo 0-0: Ball
1-0: Ground out 4-3 (Groundball, 4, EV 88.1 MPH)
Batting: RHB Eric Wiss 0-0: Foul Ball, location: 2F
0-1: Foul Ball, location: 2F
0-2: Ball
1-2: Foul Ball, location: 2F
1-2: SINGLE (Flyball, 8RS, EV 92.5 MPH)
Batting: RHB Khalil Stephens 0-0: Ball
1-0: Ground out 6-3 (Groundball, 6S, EV 73.1 MPH)
Eric Wiss to second
Batting: RHB Brad Santanello 0-0: Called Strike
0-1: Ball
1-1: Reached on error, E6 (Groundball, 56, EV 84.4 MPH)
Eric Wiss to third
Batting: RHB David Barnard 0-0: Called Strike
0-1: Ball
1-1: DOUBLE (Groundball, 5L, EV 95.6 MPH)
Eric Wiss scores
Brad Santanello to third
Runner from 3rd tries for Home, SAFE, throw by LF to home
Batting: RHB Sam Sours 0-0: Called Strike
0-1: Fly out, F7 (Flyball, 7D, EV 98.8 MPH)
Top of the 6th over - 2 runs, 2 hits, 1 error, 1 left on base; Tennessee 3 - Pensacola 0
BOTTOM OF THE 6TH
Pensacola Blue Wahoos batting - Pitching for Tennessee Smokies : RHP Jake Newman
Batting: LHB Phil Lomax 0-0: Swinging Strike
0-1: Swinging Strike
0-2: Foul Ball, location: 2F
0-2: Ball
1-2: Foul Ball, location: 2F
1-2: Foul Ball, location: 2F
1-2: Ball
2-2: Ball
3-2: Ground out 6-3 (Groundball, 6, EV 80.0 MPH)
Batting: RHB Juan Reyes 0-0: Foul Ball, location: 2F
0-1: Ball
1-1: Ball
2-1: Foul Ball, location: 2F
2-2: Fly out, F8 (Line Drive, 8RM, EV 109.4 MPH)
Batting: RHB Sang-ton Pak 0-0: Called Strike
0-1: Ball
1-1: Swinging Strike
1-2: Fly out, F9 (Line Drive, 9S, EV 90.0 MPH)
Bottom of the 6th over - 0 runs, 0 hits, 0 errors, 0 left on base; Tennessee 3 - Pensacola 0
TOP OF THE 7TH
Tennessee Smokies batting - Pitching for Pensacola Blue Wahoos : LHP Dave Schmidt
Batting: LHB Angel Oropeza 0-0: Called Strike
0-1: Ball
1-1: Ground out U3 (Groundball, 34S, EV 88.1 MPH)
Batting: RHB Armando Vilano 0-0: Swinging Strike
0-1: Ball
1-1: Ball
2-1: Foul Ball, location: 2F
2-2: Ball
3-2: Foul Ball, location: 2F
3-2: Foul Ball, location: 2F
3-2: DOUBLE (Flyball, 78D, EV 100.6 MPH)
Batting: RHB Sung-hwan Jung 0-0: Called Strike
0-1: Ball
1-1: Fly out, F6 (Line Drive, 4M, EV 68.1 MPH)
Batting: RHB Jonathan Sotelo 0-0: Called Strike
0-1: SINGLE (Groundball, 6MD, EV 110.6 MPH)
Armando Vilano to third
Runner from 3rd tries for Home, SAFE, throw by CF to home
Batting: RHB Eric Wiss 0-0: Called Strike
0-1: Fly out, F5 (Popup, 5SF, EV 75.0 MPH)
Top of the 7th over - 1 run, 2 hits, 0 errors, 1 left on base; Tennessee 4 - Pensacola 0
BOTTOM OF THE 7TH
Pensacola Blue Wahoos batting - Pitching for Tennessee Smokies : RHP Jake Newman
Pitching: LHP Nate George
Batting: RHB Dave Ruiz 0-0: Ball
1-0: Ball
2-0: Ball
3-0: Called Strike
3-1: Base on Balls
Batting: LHB Brian Snyder 0-0: Ball
1-0: Foul Ball, location: 2F
1-1: Swinging Strike
1-2: Strikes out swinging
Batting: RHB Jordan Torres 0-0: Grounds into double play, 1-4-3 (Groundball, P, EV 61.9 MPH)
Bottom of the 7th over - 0 runs, 0 hits, 0 errors, 0 left on base; Tennessee 4 - Pensacola 0
TOP OF THE 8TH
Tennessee Smokies batting - Pitching for Pensacola Blue Wahoos : LHP Dave Schmidt
Batting: RHB Khalil Stephens 0-0: Ball
1-0: Ball
2-0: Foul Ball, location: 2F
2-1: Ball
3-1: Foul Ball, location: 2F
3-2: Base on Balls
Pitching: LHP Omar Guardado
Batting: RHB Brad Santanello 0-0: Foul Ball, location: 2F
0-1: Swinging Strike
0-2: Ground out 4-3 (Groundball, 4, EV 86.9 MPH)
Khalil Stephens to second
Batting: RHB David Barnard 0-0: Fly out, F8 (Flyball, 8RD, EV 101.2 MPH)
Batting: RHB Sam Sours 0-0: Fly out, F8 (Flyball, 89D, EV 101.9 MPH)
Top of the 8th over - 0 runs, 0 hits, 0 errors, 1 left on base; Tennessee 4 - Pensacola 0
BOTTOM OF THE 8TH
Pensacola Blue Wahoos batting - Pitching for Tennessee Smokies : LHP Nate George
Batting: RHB Matt Silva 0-0: Ball
1-0: Ground out 4-3 (Groundball, 4M, EV 91.9 MPH)
Batting: RHB Pat Mage 0-0: Called Strike
0-1: Ball
1-1: DOUBLE (Flyball, 8RD, EV 90.6 MPH)
Batting: RHB Jonathan Robies 0-0: Ball
1-0: Called Strike
1-1: Ground out U3 (Groundball, 3, EV 101.2 MPH)
Pat Mage to third
Batting: LHB Phil Lomax 0-0: Swinging Strike
0-1: Fly out, F9 (Flyball, 89S, EV 91.2 MPH)
Bottom of the 8th over - 0 runs, 1 hit, 0 errors, 1 left on base; Tennessee 4 - Pensacola 0
TOP OF THE 9TH
Tennessee Smokies batting - Pitching for Pensacola Blue Wahoos : LHP Omar Guardado
Pitching: LHP Gavrilo Brkic
Batting: LHB Angel Oropeza 0-0: Ground out 3-1 (Groundball, 34, EV 78.8 MPH)
Batting: RHB Armando Vilano 0-0: Ground out 6-3 (Groundball, 56, EV 111.9 MPH)
Batting: RHB Sung-hwan Jung 0-0: Foul Ball, location: 2F
0-1: Foul Ball, location: 2F
0-2: Ball
1-2: Foul Ball, location: 2F
1-2: Foul Ball, location: 2F
1-2: Foul Ball, location: 2F
1-2: Foul Ball, location: 2F
1-2: Strikes out looking
Top of the 9th over - 0 runs, 0 hits, 0 errors, 0 left on base; Tennessee 4 - Pensacola 0
BOTTOM OF THE 9TH
Pensacola Blue Wahoos batting - Pitching for Tennessee Smokies : LHP Nate George
Pitching: RHP Jorge Mora
Batting: RHB Juan Reyes 0-0: Swinging Strike
0-1: Foul Ball, location: 2F
0-2: Ball
1-2: Strikes out swinging
Batting: RHB Sang-ton Pak 0-0: Foul Ball, location: 2F
0-1: Ball
1-1: Ball
2-1: Foul Ball, location: 2F
2-2: Strikes out swinging
Batting: RHB Dave Ruiz 0-0: Swinging Strike
0-1: Swinging Strike
0-2: Strikes out swinging
Bottom of the 9th over - 0 runs, 0 hits, 0 errors, 0 left on base; Tennessee 4 - Pensacola 0
Tuesday, March 28th , 2023 - OOTP Baseball 23.10 Build 110